 Dungeon Crawl Stone Soup version 0.31-a0-986-g5e6e4ef867 (webtiles) character file.

Game seed: 499087628403527127

135 Arex the Changeling (level 5, -8/35 HPs)
             Began as an Octopode Shapeshifter on Nov 12, 2023.
             Mangled by a gnoll
             ... wielding a +0 halberd
              (11 damage)
             ... on level 3 of the Dungeon.
             The game lasted 00:03:23 (2127 turns).

Arex the Changeling (Octopode Shapeshifter)         Turns: 2127, Time: 00:03:24

Health: -8/35      AC:  1    Str: 14    XL:     5   Next: 18%
Magic:  0/5        EV: 13    Int: 12    God:
Gold:   88         SH:  0    Dex: 13    Spells: 4/4 levels left

rFire   . .          .
                       - Unarmed
rCold   . . .        (no shield)
rNeg    . . .        (helmet currently unavailable)
rPois   .            l - amulet of guardian spirit
rElec   .            (no ring)
rCorr   .            (no ring)
SInv    .            (no ring)
Will    .....        (no ring)
Stlth   ++           (no ring)
HPRegen 0.25/turn    (no ring)
MPRegen 0.09/turn    (no ring)
                     (no ring)

%: guardian spirit
@: beast-form
A: beast (slay +2), almost no armour, amphibious, 8 rings, camouflage 1,
gelatinous body 1, (nimble swimmer 1), tentacles
a: Begin Untransformation


You were on level 3 of the Dungeon.
You were a hulking beast.
You visited 1 branch of the dungeon, and saw 3 of its levels.

You collected 88 gold pieces.

Inventory:

Missiles
 m - 2 throwing nets
Jewellery
 l - an amulet of guardian spirit (around mantle)
Talismans
 b - a beast talisman
 c - a flux talisman
Scrolls
 f - a scroll of fear
 g - a scroll of poison {unknown}
 n - a scroll of amnesia {unknown}
 o - a scroll of brand weapon {unknown}
 p - a scroll of teleportation {unknown}
Potions
 a - a potion of lignification
 e - a potion of haste
 h - a potion of attraction {unknown}
 i - a potion of curing {unknown}
 j - a potion of ambrosia {unknown}
 k - a potion of might {unknown}
 q - a potion of enlightenment {unknown}


   Skills:
 + Level 2.4 Fighting
 + Level 3.0 Dodging
 + Level 3.7 Unarmed Combat
 + Level 3.7 Shapeshifting


You had 4 spell levels left.
You didn't know any spells.
Your spell library contained the following spells:

 Spells                   Type           Power      Damage    Failure   Level
 Ensorcelled Hibernation  Hex/Ice        0%         N/A       45%         2
 Passwall                 Tmut/Erth      0%         N/A       45%         2
 Poisonous Vapours        Pois/Air       0%         N/A       45%         2
 Mephitic Cloud           Conj/Pois/Air  0%         N/A       69%         3
 Swiftness                Air            0%         N/A       69%         3
 Freezing Cloud           Conj/Ice/Air   0%         6-21      100%        5


Dungeon Overview and Level Annotations

Branches:
Dungeon (3/15)

Altars:
Qazlal

Shops:
D:2 =


Innate Abilities, Weirdness & Mutations

You are a hulking beast.
Your limbs bulge with bestial killing power. (Slay +2)
You cannot wear most types of armour.
You are amphibious.
You can wear up to eight rings at the same time.
Your skin changes colour to match your surroundings (Stealth+).
Your rubbery body absorbs attacks. (AC +1, EV +1)
((You are camouflaged when in or above water. (Stealth+)))
You have tentacles for arms and can constrict up to eight enemies at once.


Message History

A gnoll comes into view. It is wielding a +0 spear.
The gnoll hits you with a +0 whip!
The gnoll shouts!
You see here a silver javelin.
You tentacle-slap the gnoll. You grab the gnoll.
The gnoll is heavily wounded.
You constrict the gnoll. The gnoll barely misses you.
The gnoll closely misses you.
You tentacle-slap the gnoll.
You kill the gnoll!
The gnoll hits you with a +0 halberd!
You are too injured to fight recklessly!
You are too injured to fight recklessly!
You are too injured to fight recklessly!
You are too injured to fight recklessly!
You are too injured to fight recklessly!
You are too injured to fight recklessly!
You are too injured to fight recklessly!
You are too injured to fight recklessly!
You are too injured to fight recklessly!
You are too injured to fight recklessly!
You are too injured to fight recklessly!
You are too injured to fight recklessly!
You are too injured to fight recklessly!
You are too injured to fight recklessly!
You are too injured to fight recklessly!
You are too injured to fight recklessly!
You are too injured to fight recklessly!
The gnoll barely misses you.
Things that are here:
a +0 flail; 7 gold pieces The gnoll attacks as it pursues you!
The gnoll hits you from afar with a +0 halberd!
* * * LOW HITPOINT WARNING * * *
The gnoll attacks as it pursues you!
The gnoll hits you from afar with a +0 halberd!
* * * LOW HITPOINT WARNING * * *
The gnoll attacks as it pursues you!
The gnoll hits you from afar with a +0 halberd!
You die...

'###)#).# #........##
.##.)†.## #......#.# ..#..###
###g.###.#.# .##.)#
##........#.# ##...#######
###.....##..#.#
...........#####...#.#........
.#########.#...#.g.....##....#
.# #.#...#..........._.. .#
##.#...#h##.#.####.... .#
#........##...#.... . .#
#.#......#......# .#
#..........#.#..## ##
###.######.........
#...........####.
####<.####...... #..# .#####
#.## .#


You could see 2 gnolls.

Vanquished Creatures
  2 adders
  3 gnolls (D:3)
  2 worms (D:2)
  4 dart slugs
  2 orcs (D:3)
  8 bats
  7 endoplasms
  3 giant cockroaches
  8 goblins
  7 hobgoblins
  3 jackals (D:1)
  A quokka (D:2)
  3 ball pythons
  9 frilled lizards
  4 kobolds
  4 rats
70 creatures vanquished.

Notes
Turn   | Place    | Note
-------+----------+-------------------------------------------
     0 | D:1      | Arex the Octopode Shapeshifter began the quest for the Orb.
     0 | D:1      | Reached XP level 1. HP: 13/13 MP: 1/1
   134 | D:1      | Reached XP level 2. HP: 18/18 MP: 2/2
   526 | D:1      | Reached XP level 3. HP: 15/23 MP: 3/3
  1038 | D:2      | Found Xopakoz's One-of-a-Kind Rings.
  1192 | D:2      | Reached XP level 4. HP: 17/29 MP: 4/4
  2080 | D:3      | Found a stormy altar of Qazlal.
  2094 | D:3      | Reached XP level 5. HP: 35/35 MP: 5/5
  2127 | D:3      | Mangled by a gnoll

Illustrated notes

Levels and vault maps discovered:
D:1:      giann_horns, layout_loops_ring, serial_bayou, serial_bayou_shore_b,
          serial_bayou_lake_a, serial_bayou_lagoon_a, serial_bayou_shore_b
D:2:      layout_basic, nicolae_shop_unique_rings, grunt_ministairs_6
D:3:      layout_basic, mainiacjoe_overflow_boulevard, gammafunk_ghost_smash,
          minmay_misc_feat_five, minmay_joined_circles

Skill      XL: |  1  2  3  4  5 |
---------------+----------------+-----
Fighting       | 2 |  2.4
Dodging        | 3 |  3.0
Unarmed Combat | |  3.7
Shapeshifting  | |  3.7

Action                     |  1- 3 |  4- 6 || total
---------------------------+-------+-------++-------
  Melee: Unarmed           |    75 |    45 ||   120
         Constrict         |    17 |    15 ||    32
         Tentacles         |    16 |     6 ||    22
         Punch             |     2 |     2 ||     4
  Throw: Javelin           |       |    10 ||    10
    Use: Scroll            |       |     2 ||     2
   Stab: Sleeping          |    10 |     5 ||    15
 Armour: Skin              |    20 |    17 ||    37
  Dodge: Dodged            |    23 |    25 ||    48

Table legend: (Time is in decaauts)
 A = Elapsed time spent in this place.
 B = Non-inter-level travel time spent in this place.
 C = Inter-level travel time spent in this place.
 D = Time resting spent in this place.
 E = Time spent auto-exploring this place.
 F = Levels seen in this place.
 G = Mean time per level.
                   A        B        C        D        E       F      G
               +--------+--------+--------+--------+--------+-----+--------+
         Total |   2124 |   2009 |    115 |    123 |   1425 |   3 |  708.0 |
       Dungeon |   2124 |   2009 |    115 |    123 |   1425 |   3 |  708.0 |
               +--------+--------+--------+--------+--------+-----+--------+

Top non-repeatable levels by time:
     D:1: 931 daAuts
     D:2: 814 daAuts
     D:3: 378 daAuts
